 Dungeon Crawl Stone Soup version 0.28-a0-957-g42eb19b844 (webtiles) character file.

Game seed: 12798410600112981891

521 croobank the Sneak (level 7, 0/46 HPs)
             Began as an Octopode Monk on Nov 30, 2021.
             Was a Priest of the Shining One.
             Slain by a scorpion zombie (8 damage)
             ... on level 5 of the Dungeon.
             The game lasted 00:17:09 (5244 turns).

croobank the Sneak (Octopode Monk)                  Turns: 5244, Time: 00:17:19

Health: 0/46       AC:  1    Str: 13    XL:     7   Next: 21%
Magic:  11/11      EV: 14    Int: 12    God:    the Shining One [***...]
Gold:   149        SH:  0    Dex: 14    Spells: 12/12 levels left

rFire   . . .      SeeInvis .   a - +1 hand axe (venom)
rCold   . . .      Faith    .   (no shield)
rNeg    + . .      Spirit   .   (helmet restricted)
rPois   .          Reflect  .   (no amulet)
rElec   .          Harm     .   (no ring)
rCorr   .          Rampage  .   (no ring)
Will    .....                   (no ring)
Stlth   ++........              (no ring)
HPRegen 0.15/turn               (no ring)
MPRegen 0.12/turn               (no ring)
                                (no ring)
                                (no ring)

@: glowing
A: almost no armour, amphibious, 8 rings, camouflage 1, gelatinous body 1,
(nimble swimmer 1), tentacles
a: Renounce Religion, Divine Shield, Cleansing Flame


You were on level 5 of the Dungeon.
You worshipped the Shining One.
The Shining One was most pleased with you.
You visited 1 branch of the dungeon, and saw 5 of its levels.

You collected 149 gold pieces.

Inventory:

Hand Weapons
 a - a +1 hand axe of venom (weapon)
 b - a +0 hunting sling
 d - a +0 short sword
 j - a +0 mace
Missiles
 i - 127 stones
 k - 4 curare-tipped darts (quivered)
 n - 27 arrows
 s - 7 poisoned darts
 u - 12 boomerangs
 w - 10 bolts
Magical Staves
 x - a staff of fire
Wands
 m - a wand of acid (4)
Scrolls
 c - a scroll of enchant armour {unknown}
 f - a scroll of enchant weapon {unknown}
 g - a scroll of blinking {unknown}
 h - a scroll of identify {unknown}
 l - a scroll of acquirement {unknown}
 o - 2 scrolls of teleportation {unknown}
 p - a scroll of fear {unknown}
 q - a scroll of fog {unknown}
 t - a scroll of immolation {unknown}
 v - a scroll of magic mapping {unknown}
Potions
 e - a potion of might {unknown}
 r - a potion of resistance {unknown}


   Skills:
 - Level 3.0 Fighting
 - Level 3.0 Axes
 - Level 3.0 Dodging
 - Level 7.9 Stealth
 - Level 3.2 Spellcasting
 + Level 3.6 Invocations


You had 12 spell levels left.
You didn't know any spells.
Your spell library contained the following spells:

 Spells                   Type           Power      Damage    Failure   Level
 Animate Skeleton         Necr           2%         N/A       24%         1
 Apportation              Tloc           2%         N/A       24%         1
 Summon Small Mammal      Summ           4%         N/A       24%         1


Dungeon Overview and Level Annotations

Branches:
Dungeon (5/15)
 Temple: D:4-7

Altars:
The Shining One

Shops:
D:4 *

Annotations:
D:2 1 runed translucent door, Crazy Yiuf


Innate Abilities, Weirdness & Mutations

You cannot wear most types of armour.
You are amphibious.
You can wear up to eight rings at the same time.
Your skin changes colour to match your surroundings (Stealth+).
Your rubbery body absorbs attacks. (AC +1, EV +1)
((You are camouflaged near water. (Stealth+)))
You have tentacles for arms and can constrict up to eight enemies at once.


Message History

The necrophage is moderately damaged.
You hit the scorpion zombie. You constrict the necrophage.
The scorpion zombie hits you. The necrophage hits you.
The scorpion zombie completely misses you.
The necrophage hits you! You partially resist.
You feel drained.
You hit the necrophage.
The necrophage is heavily damaged.
You hit the scorpion zombie but do no damage.
You constrict the necrophage, but do no damage.
The scorpion zombie barely misses you.
The necrophage hits you but does no damage.
Unknown command.
You hit the necrophage.
The necrophage is severely damaged.
You hit the scorpion zombie but do no damage.
You constrict the necrophage. The scorpion zombie barely misses you.
The necrophage hits you. You partially resist.
You feel drained.
You hit the necrophage.
The necrophage is almost destroyed.
You hit the scorpion zombie. You constrict the necrophage.
You destroy the necrophage!
The Shining One accepts your kill. The scorpion zombie hits you.
Your life force feels restored.
Your Invocations skill increases to level 3!
You hit the scorpion zombie but do no damage.
You grab the scorpion zombie.
The scorpion zombie is heavily damaged.
You constrict the scorpion zombie. The scorpion zombie closely misses you.
You hit the scorpion zombie.
You squeeze the scorpion zombie, but do no damage.
The scorpion zombie is heavily damaged.
You constrict the scorpion zombie. The scorpion zombie hits you!
You hit the scorpion zombie but do no damage.
You squeeze the scorpion zombie!
The scorpion zombie is almost destroyed.
You constrict the scorpion zombie. The scorpion zombie hits you.
* * * LOW HITPOINT WARNING * * *
The scorpion zombie hits you!
You die...

#...../.........
#...............
#...............
#...............
#...............
#......((.......
#...Z(.....>....
#..@†...........
#<..............
#.....#####.....
#.....# ....
####### ... .. .


You could see a scorpion zombie.

Vanquished Creatures
  A necrophage (D:5)
  A water moccasin skeleton (D:4)
  A centaur zombie (D:4)
  3 orc priests
  A gnoll shaman (D:4)
  An iguana (D:4)
  An orc wizard (D:4)
  5 adders
  3 gnolls (D:4)
  2 ufetubi (D:4)
  3 worms
  A dart slug (D:3)
  13 orcs
  2 bats
  4 endoplasms
  7 giant cockroaches
  4 goblins
  3 hobgoblins
  8 jackals
  8 kobolds
  2 quokkas
  7 ball pythons
  3 frilled lizards
  7 rats
91 creatures vanquished.

Notes
Turn   | Place    | Note
-------+----------+-------------------------------------------
     0 | D:1      | croobank the Octopode Monk began the quest for the Orb.
     0 | D:1      | Reached XP level 1. HP: 16/16 MP: 1/1
    35 | D:1      | Reached skill level 3 in Stealth
   213 | D:1      | Reached XP level 2. HP: 21/21 MP: 2/2
   228 | D:1      | Reached skill level 4 in Stealth
   310 | D:1      | Found a faded altar of an unknown god.
   313 | D:1      | Prayed at the altar of an unknown god.
   313 | D:1      | Became a worshipper of the Shining One
   313 | D:1      | Reached * piety under the Shining One
   313 | D:1      | Reached ** piety under the Shining One
   911 | D:2      | Reached skill level 5 in Stealth
   911 | D:2      | Reached XP level 3. HP: 16/26 MP: 3/3
  1602 | D:2      | Reached skill level 6 in Stealth
  1602 | D:2      | Reached XP level 4. HP: 28/31 MP: 4/4
  1920 | D:2      | Found a runed translucent door.
  1921 | D:2      | Noticed Crazy Yiuf
  1921 | D:2      | Reached *** piety under the Shining One
  2800 | D:3      | Reached skill level 7 in Stealth
  2810 | D:3      | Reached XP level 5. HP: 26/36 MP: 5/5
  3738 | D:4      | Reached skill level 1 in Spellcasting
  3739 | D:4      | Reached XP level 6. HP: 15/42 MP: 6/9
  4617 | D:4      | Found Dyinez's General Store.
  4707 | D:4      | Reached skill level 1 in Invocations
  4987 | D:4      | Reached XP level 7. HP: 46/46 MP: 11/11
  5217 | D:5      | Entered Level 5 of the Dungeon
  5244 | D:5      | Slain by a scorpion zombie

Illustrated notes

Levels and vault maps discovered:
D:1:      dpeg_arrival_arbitrary_c, layout_basic,
          hellmonk_ecumenical_altar_inner_sanctum, minivault_4
D:2:      layout_loops_corners, chequers_serial_rivers_room_a,
          uniq_crazy_yiuf_cottage
D:3:      layout_rooms, kennysheep_pointless_box
D:4:      layout_cave_pods, serial_shops, nicolae_shop_crystal
D:5:      layout_gridville, chequers_temple_overflow_statue_of_worship

Skill      XL: |  1  2  3  4  5  6  7 |
---------------+----------------------+-----
Stealth        | 3 5 6 7 |  7.9
Spellcasting   | 2 3 |  3.2
Invocations    | 2 3 |  3.6
Fighting       | |  3.0
Axes           | |  3.0
Dodging        | |  3.0

Action                   |  1- 3 |  4- 6 |  7- 9 || total
-------------------------+-------+-------+-------++-------
Melee: Hand axe          |    51 |   147 |     9 ||   207
       Constrict         |    12 |    38 |     2 ||    52
       Tentacles         |     8 |    24 |     3 ||    35
 Fire: Hunting sling     |       |     4 |     3 ||     7
Throw: Dart              |       |     4 |       ||     4
Evoke: Wand              |       |     2 |       ||     2
 Stab: Sleeping          |     2 |       |       ||     2
Armor: Skin              |     3 |     4 |     1 ||     8
Dodge: Dodged            |    39 |    98 |     6 ||   143

Table legend: (Time is in decaauts)
 A = Elapsed time spent in this place.
 B = Non-inter-level travel time spent in this place.
 C = Inter-level travel time spent in this place.
 D = Time resting spent in this place.
 E = Time spent auto-exploring this place.
 F = Levels seen in this place.
 G = Mean time per level.
                   A        B        C        D        E       F      G
               +--------+--------+--------+--------+--------+-----+--------+
         Total |   5274 |   5064 |    210 |    997 |   3180 |   5 | 1054.8 |
       Dungeon |   5274 |   5064 |    210 |    997 |   3180 |   5 | 1054.8 |
               +--------+--------+--------+--------+--------+-----+--------+

Top non-repeatable levels by time:
     D:2: 1890 daAuts
     D:4: 1773 daAuts
     D:3: 866 daAuts
     D:1: 716 daAuts
     D:5: 27 daAuts
